 Dungeon Crawl Stone Soup version 0.29.1-1-gd02db69 (webtiles) character file.

Game seed: 1852533437632321764

1354 Kel the Cleaver (level 8, -11/46 HPs)
             Began as a Gargoyle Berserker on Mar 26, 2023.
             Was a Priest of Trog.
             Mangled by a shadow (22 damage)
             ... on level 6 of the Dungeon.
             The game lasted 00:21:17 (6716 turns).

Kel the Cleaver (Gargoyle Berserker)                Turns: 6716, Time: 00:21:18

Health: -11/46     AC: 17    Str: 22    XL:     8   Next: 63%
Magic:  8/8        EV:  8    Int:  9    God:    Trog [***...]
Gold:   308        SH:  0    Dex:  9    Spells: 7/7 levels left

rFire   . . .      SeeInvis .   y - +0 war axe
rCold   + . .      Faith    .   (no shield)
rNeg    + . .      Spirit   .   f - +0 chain mail
rPois   ∞          Reflect  .   c - +0 helmet
rElec   +          Harm     .   x - +0 cloak
rCorr   .          Rampage  .   (no gloves)
Will    .....                   q - +0 pair of boots
Stlth   ..........              (no amulet)
HPRegen 0.15/turn               l - ring of protection from cold
MPRegen 0.11/turn               (no ring)

@: no status effects
A: sickness immunity, AC +5, negative energy resistance 1, electricity
resistance, torment resistance 1, petrification resistance
a: Renounce Religion, Berserk, Trog's Hand


You were on level 6 of the Dungeon.
You worshipped Trog.
Trog was most pleased with you.
You visited 1 branch of the dungeon, and saw 6 of its levels.

You collected 308 gold pieces.

Inventory:

Hand Weapons
 y - a +0 war axe (weapon)
Missiles
 w - a throwing net (quivered)
Armour
 c - a +0 helmet (worn)
 f - a +0 chain mail (worn)
 q - a +0 pair of boots (worn)
 x - a +0 cloak (worn)
Jewellery
 l - a ring of protection from cold (left hand)
 v - a ring of protection from fire
Scrolls
 a - a scroll of amnesia {unknown}
 d - 12 scrolls of identify {unknown}
 h - a scroll of magic mapping {unknown}
 i - 6 scrolls of immolation {unknown}
 m - 2 scrolls of poison {unknown}
 n - a scroll of vulnerability {unknown}
 o - a scroll of silence {unknown}
 p - 2 scrolls of teleportation {unknown}
 r - a scroll of noise {unknown}
 s - a scroll of enchant weapon {unknown}
Potions
 b - a potion of berserk rage {unknown}
 e - 3 potions of might {unknown}
 g - 4 potions of mutation {unknown}
 j - 4 potions of curing {unknown}
 k - 2 potions of magic
 t - 2 potions of cancellation {unknown}
 u - a potion of invisibility {unknown}
 z - a potion of attraction {unknown}


   Skills:
 - Level 3.2 Fighting
 + Level 9.9 Axes
 - Level 2.1 Armour
 - Level 1.5 Dodging


You had 7 spell levels left.
You didn't know any spells.
Your spell library was empty.

Dungeon Overview and Level Annotations

Branches:
Dungeon (6/15)             Temple (0/1) D:4

Altars:
Dithmenos
Gozag
Nemelex Xobeh
Okawaru
Ru
Sif Muna

Shops:
D:5 (

Annotations:
D:6 1 runed translucent door, warthlord's ghost, novice MiFi


Innate Abilities, Weirdness & Mutations

You are immune to sickness and miasma.
Your stone body is resilient. (AC +5)
You are immune to poison.
You resist negative energy. (rN+)
You are resistant to electric shocks. (rElec)
You are resistant to unholy torment.
You are immune to petrification.


Message History

The iguana bites you but does no damage.
You slash the iguana!
You kill the iguana!
Trog accepts your kill.
You see here 9 stones.
d - 12 scrolls labelled BOLORITECI (gained 1)
You see here a +0 giant club.
A shadow comes into view.
The shadow hits you.
You hit the shadow.
The shadow is lightly damaged.
The shadow slips into darkness.
The shadow flickers and vanishes!
Deactivating autopickup; reactivate with Ctrl-A.
You miss something.
The shadow strikes at you from the darkness!
Reactivating autopickup.
You barely miss the shadow.
The shadow is lightly damaged.
The shadow closely misses you.
You hit the shadow but do no damage.
The shadow is lightly damaged.
The shadow hits you.
You hit the shadow but do no damage.
The shadow is lightly damaged.
The shadow slips into darkness.
The shadow flickers and vanishes!
Deactivating autopickup; reactivate with Ctrl-A.
You closely miss something.
The shadow strikes at you from the darkness!
* * * LOW HITPOINT WARNING * * *
Reactivating autopickup.
You closely miss the shadow.
The shadow is lightly damaged.
The shadow slips into darkness.
The shadow flickers and vanishes!
Deactivating autopickup; reactivate with Ctrl-A.
You miss something.
The shadow strikes at you from the darkness!
You die...

#.......).......#####..........
##########......#...#.....#.#..
#....#.+.8.'..........
#......#...#.........#
#......#####..####.#.#
#....................#
#...........#.#..#.#..
#.....#####.#.#....#.# #....@#
#.#.##.#.#.# ###+#{#
#.#.##.#.#.. #.# #.#....#....
#.# #.######.## #.# #.# .. #.#
#.# #.# #.# #.# #.# #.#


There were no monsters in sight!

Vanquished Creatures
  A black bear (D:6)
  3 ogres
  2 centaurs (D:5)
  2 scorpions
  A gnoll sergeant (D:3)
  A necrophage (D:5)
  A howler monkey (D:6)
  2 hounds (D:4)
  An orc priest (D:4)
  A gnoll bouda (D:4)
  4 iguanas
  3 orc wizards
  11 gnolls
  8 adders
  2 white imps
  An ufetubus (D:4)
  3 dart slugs
  14 orcs
  8 bats
  2 endoplasms (D:4)
  3 giant cockroaches
  10 goblins
  3 hobgoblins
  7 jackals
  9 quokkas
  3 training dummies (D:5)
  2 ball pythons (D:2)
  6 frilled lizards
  5 kobolds
  5 rats
124 creatures vanquished.

Notes
Turn   | Place    | Note
-------+----------+-------------------------------------------
     0 | D:1      | Kel the Gargoyle Berserker began the quest for the Orb.
     0 | D:1      | Reached XP level 1. HP: 14/14 MP: 1/1
   190 | D:1      | Reached skill level 3 in Axes
   370 | D:1      | Reached XP level 2. HP: 19/19 MP: 2/2
   933 | D:2      | Reached XP level 3. HP: 23/23 MP: 3/3
   961 | D:2      | Reached skill level 4 in Axes
  1153 | D:2      | Reached XP level 4. HP: 28/28 MP: 4/4
  1159 | D:2      | Reached ** piety under Trog
  1814 | D:3      | Noticed a gnoll sergeant
  1826 | D:3      | Killed a gnoll sergeant
  1827 | D:3      | Reached skill level 5 in Axes
  1827 | D:3      | Reached XP level 5. HP: 32/32 MP: 5/5
  1993 | D:3      | Reached skill level 6 in Axes
  1993 | D:3      | Reached XP level 6. HP: 31/37 MP: 6/6
  2280 | D:3      | Found a shadowy altar of Dithmenos.
  2315 | D:3      | Found a faded altar of an unknown god.
  3035 | D:4      | Reached skill level 7 in Axes
  3035 | D:4      | Reached XP level 7. HP: 13/41 MP: 7/7
  3652 | D:4      | Found a staircase to the Ecumenical Temple.
  3685 | D:4      | Reached *** piety under Trog
  4293 | D:4      | Found a sparkling altar of Nemelex Xobeh.
  4293 | D:4      | Found an opulent altar of Gozag.
  4520 | D:5      | Entered Level 5 of the Dungeon
  4533 | D:5      | Found a shimmering blue altar of Sif Muna.
  4534 | D:5      | Found an iron altar of Okawaru.
  4535 | D:5      | Found a sacrificial altar of Ru.
  4551 | D:5      | Reached skill level 8 in Axes
  4982 | D:5      | Reached XP level 8. HP: 29/46 MP: 8/8
  5162 | D:5      | Reached skill level 9 in Axes
  5438 | D:5      | Found Emuar's Firing Range.
  5767 | D:6      | HP: 1/46 [ogre/+0 giant club (17)]
  6211 | D:6      | Found a runed translucent door.
  6216 | D:6      | Noticed warthlord's ghost (novice MiFi)
  6705 | D:6      | Noticed a shadow
  6716 | D:6      | Mangled by a shadow

Illustrated notes

Levels and vault maps discovered:
D:1:      beargit_arrival_greenhouse, layout_basic
D:2:      layout_basic, hex_large, st_stairs_11, minmay_misc_feat_x
D:3:      layout_loops_ring, mainiacjoe_overflow_boulevard,
          hellmonk_ecumenical_altar_dog_temple
D:4:      layout_loops_ring, grunt_temple_overflow_opulence,
          minmay_temple_entry_fiery
D:5:      layout_rooms, gammafunk_temple_overflow_forgotten,
          nicolae_shop_firing_range
D:6:      layout_basic, ebering_ghost_sewer_d, minmay_misc_feat_room

Skill      XL: |  1  2  3  4  5  6  7  8 |
---------------+-------------------------+-----
Axes           | 3 4 5 6 7 8 9 |  9.9
Fighting       | |  3.2
Armour         | |  2.1
Dodging        | |  1.5

Action                   |  1- 3 |  4- 6 |  7- 9 || total
-------------------------+-------+-------+-------++-------
Melee: Hand axe          |    99 |   206 |   248 ||   553
       Punch             |       |     1 |     5 ||     6
       War axe           |       |       |    14 ||    14
Invok: Berserk           |       |     1 |     3 ||     4
  Use: Potion            |       |       |     1 ||     1
Armor: Animal skin       |     6 |       |       ||     6
       Chain mail        |    68 |   132 |   138 ||   338
Dodge: Dodged            |    48 |    80 |   103 ||   231
